 Dungeon Crawl Stone Soup version 0.19-a0-1937-g70ed36a (webtiles) character file.

501 Silkki the Covert (level 6, -2/42 HPs)
             Began as a Vampire Enchanter on Oct 26, 2016.
             Slain by a hippogriff (7 damage)
             ... on level 5 of the Dungeon.
             The game lasted 00:11:56 (3479 turns).

Silkki the Covert (Vampire Enchanter)               Turns: 3479, Time: 00:11:57

Health: -2/42      AC:  3    Str:  9    XL:     6   Next: 95%
Magic:  4/10       EV: 12    Int: 18    God:
Gold:   193        SH:  0    Dex: 14    Spells: 4 memorised, 4 levels left

rFire  . . .     SeeInvis +     a - +1 dagger
rCold  . . .     Gourm    .     b - +1 robe
rNeg   + . .     Faith    .     (no shield)
rPois  .         Spirit   .     (no helmet)
rElec  .         Reflect  .     (no cloak)
rCorr  .         Harm     .     (no gloves)
MR     .....                    (no boots)
Stlth  ++++......               n - amulet of regeneration
                                (no ring)
                                r - ring of see invisible

@: confusing touch (expiring)
A: fangs 3, see invisible, unbreathing
a: Bat Form


You were on level 5 of the Dungeon.
You were not thirsty.

You visited 2 branches of the dungeon, and saw 6 of its levels.

You collected 193 gold pieces.

Inventory:

Hand Weapons
 a - a +1 dagger (weapon)
 l - a +0 short sword
Armour
 b - a +1 robe (worn)
 m - a cursed +0 large shield
Jewellery
 n - an amulet of regeneration (around neck)
 r - a ring of see invisible (left hand)
Wands
 x - a wand of flame (15/48)
Scrolls
 f - 3 scrolls of magic mapping {unknown}
 g - 3 scrolls of random uselessness {unknown}
 h - a scroll of enchant weapon {unknown}
 i - 6 scrolls of identify {unknown}
 j - 5 scrolls of remove curse {unknown}
 p - 2 scrolls of fog {unknown}
 q - a scroll of blinking {unknown}
 t - a scroll of amnesia {unknown}
 y - a scroll of recharging {unknown}
 z - a scroll of teleportation {unknown}
 B - a scroll of immolation {unknown}
Potions
 d - 7 potions of blood
 e - 5 potions of curing {unknown}
 k - a potion of brilliance {unknown}
 o - a potion of magic {unknown}
 s - a potion of degeneration {unknown}
 v - 2 potions of heal wounds {unknown}
 w - 2 potions of might {unknown}
 A - a potion of agility {unknown}
 C - a potion of beneficial mutation {unknown}
Books
 c - a book of Maledictions

   Spells                             Type                      Level
   a - Corona                         Hexes                        1
   b - Ensorcelled Hibernation        Hexes/Ice                    2
   c - Confuse                        Hexes                        3
   d - Tukima's Dance                 Hexes                        3
   e - Dazzling Spray                 Conjuration/Hexes            3
 u - a book of Misfortune

   Spells                             Type                      Level
   a - Confusing Touch                Hexes                        1
   b - Confuse                        Hexes                        3
   c - Gell's Gravitas                Hexes/Translocation          3
   d - Petrify                        Transmutation/Earth          4
   e - Metabolic Englaciation         Hexes/Ice                    5
   f - Yara's Violent Unravelling     Hexes/Transmutation          5


   Skills:
 + Level 0.8 Fighting
 + Level 2.3 Short Blades
 - Level 2.2 Dodging
 + Level 9.1 Stealth
 + Level 3.0 Spellcasting
 + Level 5.9 Hexes
 + Level 2.3 Ice Magic


You had 4 spell levels left.
You knew the following spells:

 Your Spells              Type           Power        Failure   Level  Hunger
a - Corona                Hex            ###....      1%          1    None
b - Ensorcelled Hibernat  Hex/Ice        ###...       6%          2    ##.....
c - Tukima's Dance        Hex            ###.....     4%          3    ###....
d - Confusing Touch       Hex            ###...       1%          1    None


Dungeon Overview and Level Annotations

Branches:
Dungeon (5/15)             Temple (1/1) D:4

Altars:
Ashenzari
Dithmenos
Fedhas
Hepliaklqana
Makhleb
Nemelex Xobeh
Okawaru
Sif Muna
Xom
Zin


Innate Abilities, Weirdness & Mutations

You have razor-sharp teeth.
You have supernaturally acute eyesight. (SInv)
You can survive without breathing.


Message History

Press: ? - help, Shift-Dir - straight line, f - hippogriff
Aim: a hippogriff (lightly wounded, chance to defeat MR: 43%)
The hippogriff looks drowsy...
You are feeling thirsty.
The helpless hippogriff fails to defend itself.
You bite the hippogriff, and draw its blood!
You feel better.
You spit the hippogriff like a pig!!!
The hippogriff is almost dead.
Your hands stop glowing.
The hippogriff closely misses you. The hippogriff pecks you.
* * * LOW HITPOINT WARNING * * *
The hippogriff claws you.
* * * LOW HITPOINT WARNING * * *
Unknown command.
Casting: Ensorcelled Hibernation
Confirm with . or Enter, or press ? or * to list all spells.
Your hands begin to glow red.
The hippogriff bites you.
* * * LOW HITPOINT WARNING * * *
The hippogriff pecks you!
You die...

#.#.#.#.. # #........
#.#.#.#.. #.# #........
#.# #.#.#.#.# #.#
#.......# #.#### #)#
##### #.##.. #H####...#
#.##.#
...####@.....#.####.##.#
.?.....<.###............
...####### #########.#..
#.#.. #.#.. #.#.# #...%
###.# #.#


You could see a hippogriff.

Vanquished Creatures
  An ogre (D:4)
  A centaur (D:5)
  A scorpion (D:4)
  A crimson imp (D:5)
  2 centaur skeletons
  2 worker ants
  8 adders
  A shadow imp (D:5)
  A worm (D:3)
  A dart slug (D:5)
  3 leopard geckos
  2 orcs (D:4)
  A ball python (D:4)
  5 bats
  3 giant cockroaches
  8 goblins
  6 hobgoblins
  2 jackals (D:2)
  3 quokkas
  9 frilled lizards
  A jackal zombie (D:5)
  7 kobolds
  A quokka skeleton (D:4)
  4 rats
74 creatures vanquished.

Notes
Turn   | Place    | Note
-------+----------+-------------------------------------------
     0 | D:1      | Silkki the Vampire Enchanter began the quest for the Orb.
     0 | D:1      | Reached XP level 1. HP: 13/13 MP: 3/3
   201 | D:1      | Reached XP level 2. HP: 8/19 MP: 0/5
   208 | D:1      | Learned a level 2 spell: Ensorcelled Hibernation
   314 | D:1      | Reached skill level 5 in Stealth
  1068 | D:2      | Reached XP level 3. HP: 24/24 MP: 3/6
  1346 | D:2      | Reached skill level 6 in Stealth
  1346 | D:2      | Reached XP level 4. HP: 31/31 MP: 7/7
  1390 | D:2      | Reached skill level 1 in Ice Magic
  1561 | D:2      | Found a burning altar of Makhleb.
  1561 | D:2      | Noticed an Executioner
  1856 | D:3      | Reached skill level 5 in Hexes
  2354 | D:5      | Entered Level 5 of the Dungeon
  2356 | D:5      | Reached XP level 5. HP: 36/36 MP: 5/8
  2463 | D:4      | Noticed an ogre
  2479 | D:4      | Killed an ogre
  2479 | D:4      | Reached skill level 7 in Stealth
  2604 | D:4      | Learned a level 3 spell: Tukima's Dance
  2606 | D:4      | Learned a level 1 spell: Confusing Touch
  2616 | D:4      | Found a staircase to the Ecumenical Temple.
  2631 | Temple   | Entered the Ecumenical Temple
  2895 | D:4      | Reached XP level 6. HP: 42/42 MP: 6/9
  2909 | D:4      | Reached skill level 8 in Stealth
  3457 | D:5      | Reached skill level 9 in Stealth
  3466 | D:5      | Noticed a hippogriff
  3479 | D:5      | Slain by a hippogriff

Vault maps used:
D:1:      ncdulo_smallfort
D:2:      makhleb_altar_promises_db
D:3:      first_bread
D:5:      serial_glass, glass_columns_b, glass_columns_c
Temple:   jpeg_temple_island

Skill      XL: |  1  2  3  4  5  6 |
---------------+-------------------+-----
Stealth        | 5 6 7 9 |  9.1
Ice Magic      | 1 2 |  2.3
Hexes          | 5 |  5.9
Short Blades   | 2 |  2.3
Spellcasting   | 3 |  3.0
Fighting       | |  0.8
Dodging        | |  2.2

Action                   |  1- 3 |  4- 6 || total
-------------------------+-------+-------++-------
Melee: Dagger            |    70 |    85 ||   155
       Bite              |     4 |     4 ||     8
 Cast: Corona            |    12 |       ||    12
       Ensorcelled Hiber |    11 |    21 ||    32
       Confusing Touch   |       |     2 ||     2
  Use: Potion            |       |     1 ||     1
 Stab: Sleeping          |    16 |    32 ||    48
  Eat: Corpse            |     2 |     5 ||     7
Armor: Robe              |    28 |    10 ||    38
Dodge: Dodged            |    62 |    35 ||    97
